 Dungeon Crawl Stone Soup version 0.31-a0-1308-ga3cce3a448 (webtiles) character file.

Game seed: 8562321385016673550

198 MachoJfn the Chopper (level 5, -4/39 HPs)
             Began as a Demonspawn Gladiator on Dec 19, 2023.
             Was an Initiate of Gozag.
             Slain by an ogre
             ... wielding a +0 giant spiked club
              (12 damage)
             ... on level 4 of the Dungeon.
             The game lasted 00:11:16 (3248 turns).

MachoJfn the Chopper (Demonspawn Gladiator)         Turns: 3248, Time: 00:11:16

Health: -4/39      AC:  9    Str: 20    XL:     5   Next: 47%
Magic:  5/5        EV: 12    Int:  9    God:    Gozag
Gold:   434        SH:  0    Dex: 14    Spells: 4/4 levels left

rFire   . . .        a - +1 war axe
rCold   . . .        (no shield)
rNeg    + . .        j - +0 ring mail
rPois   .            c - +0 helmet
rElec   .            (no cloak)
rCorr   .            s - +0 pair of gloves
SInv    +            (no boots)
Will    .....        (no amulet)
Stlth   +            q - ring of see invisible
HPRegen 0.26/turn    v - ring "Noh Yrot" {Wiz rN+ Str+4}
MPRegen 0.09/turn

%: wizardry (x1)
@: invisible
A: thin metallic scales 1, powered by pain 2, spiny 1
a: Renounce Religion, Potion Petition, Call Merchant, Bribe Branch


You were on level 4 of the Dungeon.
You worshipped Gozag.
Gozag was aware of your devotion.
You visited 2 branches of the dungeon, and saw 5 of its levels.

You collected 471 gold pieces.
You paid 37 gold pieces to Gozag.

Inventory:

Hand Weapons
 a - a +1 war axe (weapon)
Missiles
 d - 3 throwing nets (quivered)
 e - a javelin
 g - 6 curare-tipped darts
 h - 48 stones
 k - 3 poisoned darts
Armour
 c - a +0 helmet (worn)
 j - a +0 ring mail (worn)
 s - a +0 pair of gloves (worn)
Jewellery
 q - a ring of see invisible (left hand)
 v - the ring "Noh Yrot" (right hand) {Wiz rN+ Str+4}
   (You found it on level 3 of the Dungeon)

   [ring of wizardry]

   Wiz:       It improves your spell success rate.
   Str+4:     It affects your strength (+4).
   rN+:       It protects you from negative energy.
Wands
 m - a wand of polymorph (5)
 u - a wand of flame (16)
Scrolls
 b - a scroll of summoning
 o - 2 scrolls of identify
 p - a scroll of blinking
Potions
 f - a potion of brilliance
 i - 2 potions of haste
 l - 2 potions of invisibility
 n - 3 potions of curing
 r - 2 potions of degeneration
 t - a potion of magic


   Skills:
 + Level 2.6 Fighting
 + Level 4.2 Axes
 - Level 1.9 Throwing
 + Level 1.9 Armour
 + Level 3.3 Dodging
 + Level 0.7 Stealth


You had 4 spell levels left.
You didn't know any spells.
Your spell library contained the following spells:

 Spells                   Type           Power      Damage    Failure   Level
 Cigotuvi's Dreadful Rot  Necr/Pois/Air  0%         N/A       38%         2
 Ensorcelled Hibernation  Hex/Ice        0%         N/A       38%         2
 Passwall                 Tmut/Erth      0%         N/A       38%         2
 Ozocubu's Armour         Ice            0%         N/A       58%         3
 Swiftness                Air            0%         N/A       58%         3
 Dispel Undead            Necr           0%         3d6       92%         4
 Death Channel            Necr           0%         N/A       100%        6
 Ozocubu's Refrigeration  Ice            0%         4d7       100%        7


Dungeon Overview and Level Annotations

Branches:
Dungeon (4/15)             Temple (1/1) D:4

Altars:
Ashenzari
Cheibriados
Dithmenos
Fedhas
Gozag
Hepliaklqana
Kikubaaqudgha
Nemelex Xobeh
Okawaru
Qazlal
Ru
Sif Muna
Trog
Uskayaw
Wu Jian
Yredelemnul


Innate Abilities, Weirdness & Mutations

You are partially covered in thin metallic scales. (AC +2)
You sometimes gain power by taking damage.
You are partially covered in sharp spines.


Message History

A hobgoblin comes into view.
The hobgoblin shouts!
The hobgoblin hits you but does no damage.
You hit the hobgoblin.
The hobgoblin is heavily wounded.
The hobgoblin hits you. The hobgoblin closely misses you.
You barely miss the hobgoblin. Your punch misses the hobgoblin.
The hobgoblin is moderately wounded.
The hobgoblin barely misses you.
You barely miss the hobgoblin.
The hobgoblin is moderately wounded.
The hobgoblin hits you but does no damage.
You slash the hobgoblin!
You kill the hobgoblin!
You now have 434 gold pieces (gained 5).
You open the door.
There is an open door here.
You open the door.
There is an open door here.
There is an open door here.
You open the door.
An ogre comes into view. It is wielding a +0 giant spiked club.
Found a robe and 3 gold pieces.
The ogre shouts!
There is an open door here.
You hit the ogre.
The ogre is lightly wounded.
The ogre is struck by your spines. The ogre barely misses you.
You closely miss the ogre.
The ogre is lightly wounded.
The ogre hits you with a +0 giant spiked club!!
You hit the ogre but do no damage.
The ogre is lightly wounded.
The ogre is struck by your spines.
The ogre hits you with a +0 giant spiked club!
* * * LOW HITPOINT WARNING * * *
You fade into invisibility!
The ogre hits you with a +0 giant spiked club!
You die...
Your body crumbles into a pile of gold.

#..........##
#.##.8.8.8..###
..#...........##########
###...........#...[.$...
# #.#.........#.........
#.#_).......#.........
#.#.........#.........
##...........#.........
##............#.@.......
##.#.8.8.8....#.O.......
##.#..........#'#####...
#....#........#...#.....
.)...#........#.....#
#....+........+.....#
#....#........#.....#
.....#........#...#.#
.....#........#...#.#


You could see an ogre (unable to see you).

Vanquished Creatures
  A howler monkey (D:4)
  An orc priest (D:4)
  An orc wizard (D:4)
  4 adders
  A worm (D:3)
  2 dart slugs
  8 orcs
  8 ball pythons
  2 bats
  4 endoplasms
  2 giant cockroaches (D:4)
  3 hobgoblins (D:4)
  4 quokkas
  2 frilled lizards (D:2)
  7 goblins
  5 kobolds
  6 rats
61 creatures vanquished.

Notes
Turn   | Place    | Note
-------+----------+-------------------------------------------
     0 | D:1      | MachoJfn the Demonspawn Gladiator began the quest for the
                  | Orb.
     0 | D:1      | Reached XP level 1. HP: 16/16 MP: 1/1
   183 | D:1      | Gained mutation: You sometimes gain a little power by
                  | taking damage. [demonic ancestry]
   183 | D:1      | Reached XP level 2. HP: 16/22 MP: 2/2
   285 | D:1      | Reached skill level 3 in Axes
  1281 | D:3      | Found an opulent altar of Gozag.
  1284 | D:3      | Found a broken altar of Ashenzari.
  1293 | D:3      | Gained mutation: You are partially covered in thin metallic
                  | scales. (AC +2) [demonic ancestry]
  1293 | D:3      | Reached XP level 3. HP: 27/27 MP: 3/3
  1319 | D:3      | Became a worshipper of Gozag Ym Sagoz the Greedy
  1609 | D:3      | Identified the ring "Noh Yrot" {Wiz rN+ Str+4}
  2032 | D:3      | Found an iron altar of Okawaru.
  2033 | D:3      | Found a hazy altar of Hepliaklqana.
  2550 | D:4      | Gained mutation: You are partially covered in sharp spines.
                  | [demonic ancestry]
  2550 | D:4      | Reached XP level 4. HP: 19/33 MP: 4/4
  2636 | D:4      | Reached skill level 1 in Armour
  2641 | D:4      | Found a staircase to the Ecumenical Temple.
  2653 | Temple   | Entered the Ecumenical Temple
  2813 | D:4      | Reached skill level 4 in Axes
  2916 | D:4      | Gained mutation: You sometimes gain power by taking damage.
                  | [demonic ancestry]
  2916 | D:4      | Reached XP level 5. HP: 26/39 MP: 5/5
  3049 | D:4      | Found a hide-covered altar of Uskayaw.
  3240 | D:4      | Noticed an ogre
  3248 | D:4      | Slain by an ogre

Illustrated notes

Levels and vault maps discovered:
D:1:      ebering_hopf_link, layout_basic
D:2:      layout_basic, minmay_misc_feat_rows
D:3:      layout_loops_ring, chequers_temple_overflow_statue_of_worship,
          mainiacjoe_overflow_catwalk_spiral, minmay_misc_feat_iff
D:4:      layout_gridville, eat_drink_and_be_merry_uskayaw,
          jmf_multi_god_temple, minmay_temple_entry_mist, minmay_mini_jars
Temple:   dshaligram_water_room_temple

Skill      XL: |  1  2  3  4 |
---------------+-------------+-----
Dodging        | 3 |  3.3
Axes           | 3 4 |  4.2
Armour         | 1 |  1.9
Fighting       | |  2.6
Throwing       | |  1.9
Stealth        | |  0.7

Action                     |  1- 3 |  4- 6 || total
---------------------------+-------+-------++-------
  Melee: War axe           |    96 |    38 ||   134
    Use: Scroll            |    11 |     2 ||    13
         Potion            |     1 |     1 ||     2
 Armour: Leather armour    |     7 |       ||     7
         Ring mail         |    43 |    21 ||    64
  Dodge: Dodged            |    67 |    19 ||    86

Table legend: (Time is in decaauts)
 A = Elapsed time spent in this place.
 B = Non-inter-level travel time spent in this place.
 C = Inter-level travel time spent in this place.
 D = Time resting spent in this place.
 E = Time spent auto-exploring this place.
 F = Levels seen in this place.
 G = Mean time per level.
                   A        B        C        D        E       F      G
               +--------+--------+--------+--------+--------+-----+--------+
         Total |   3296 |   2647 |    649 |    293 |   1738 |   5 |  659.2 |
       Dungeon |   3253 |   2646 |    607 |    293 |   1738 |   4 |  813.2 |
        Temple |     43 |      1 |     42 |      0 |      0 |   1 |   43.0 |
               +--------+--------+--------+--------+--------+-----+--------+

Top non-repeatable levels by time:
     D:3: 1089 daAuts
     D:2: 892 daAuts
     D:4: 732 daAuts
     D:1: 538 daAuts
  Temple: 43 daAuts
